 Dungeon Crawl Stone Soup version 0.31-a0-355-g57cb03d3e8 (webtiles) character file.

Game seed: 1503278585039076903

138868 LustLizard the Scorcher (level 16, -2/98 HPs)
             Began as a Deep Elf Air Elementalist on July 24, 2023.
             Was the Champion of Vehumet.
             Killed from afar by an eleionoma (24 damage)
             ... with a spray of wooden splinters
             ... on level 3 of the Swamp.
             The game lasted 01:13:58 (41524 turns).

LustLizard the Scorcher (DEAE)                     Turns: 41524, Time: 01:13:58

Health: -2/98      AC: 15    Str:  7    XL:     16   Next: 72%
Magic:  0/37       EV: 16    Int: 29    God:    Vehumet [******]
Gold:   2450       SH:  0    Dex: 11    Spells: 8/46 levels left

rFire   . . .        R - staff of air
rCold   . . .        (no shield)
rNeg    . . .        E - +1 steam dragon scales
rPois   +            (no helmet)
rElec   +            z - +1 cloak of Undesirable Species {rElec Will+ Int+2}
rCorr   .            l - +0 pair of gloves
SInv    +            O - +1 pair of boots
Will    ++...        q - amulet of Cudaicy {Spirit rPois Dex-4 SInv}
Stlth   ++           k - +4 ring of protection
HPRegen 0.36/turn    V - +4 ring of protection
MPRegen 0.25/turn

%: guardian spirit
@: about to teleport, corroded, very slow
A: no striking features
a: Renounce Religion


You were on level 3 of the Swamp.
You worshipped Vehumet.
Vehumet was exalted by your worship.
You visited 5 branches of the dungeon, and saw 27 of its levels.
You also visited: Bailey, Ice Cave and Volcano.

You collected 3594 gold pieces.
You spent 1144 gold pieces at shops.

Inventory:

Missiles
 n - 10 datura-tipped darts
 x - 2 atropa-tipped darts
Armour
 l - a +0 pair of gloves (worn)
 z - the +1 cloak of Undesirable Species (worn) {rElec Will+ Int+2}
   (You found it on level 5 of the Dungeon)

   Int:       It affects your intelligence (+2).
   rElec:     It insulates you from electricity.
   Will:      It increases your willpower.
 E - +1 steam dragon scales (worn)
 O - a +1 pair of boots (worn)
 Z - a +1 buckler of reflection
Magical Staves
 R - a staff of air (weapon)
Jewellery
 a - a ring of magical power
 b - a ring of poison resistance
 f - a ring of flight
 g - an amulet of regeneration
 k - a +4 ring of protection (left hand)
 p - a ring of protection from fire
 q - the amulet of Cudaicy (around neck) {Spirit rPois Dex-4 SInv}
   (You bought it in a shop on level 2 of the Orcish Mines)

   [amulet of guardian spirit]

   It causes incoming damage to be divided between your reserves of health and
   magic.
   Dex:       It affects your dexterity (-4).
   rPois:     It protects you from poison.
   SInv:      It lets you see invisible.
 y - a ring of see invisible
 B - a +6 ring of intelligence
 P - a ring of resist corrosion
 V - a +4 ring of protection (right hand)
Wands
 o - a wand of flame (59)
 r - a wand of mindburst (9) (quivered)
 u - a wand of digging (4)
 D - a wand of paralysis (9)
 T - a wand of light (1)
 U - a wand of iceblast (22)
Scrolls
 c - 8 scrolls of teleportation
 m - 4 scrolls of enchant weapon
 s - 11 scrolls of immolation
 v - 2 scrolls of silence
 w - 3 scrolls of poison
 A - a scroll of fear
 H - 2 scrolls of summoning
 K - 7 scrolls of revelation
 L - 3 scrolls of amnesia
 Q - 3 scrolls of fog
 S - 3 scrolls of torment
 X - 5 scrolls of identify
Potions
 d - 8 potions of curing
 h - 7 potions of ambrosia
 j - 3 potions of berserk rage
 t - 3 potions of enlightenment
 C - 4 potions of lignification
 F - a potion of resistance
 G - 2 potions of might
 I - a potion of mutation
 J - 3 potions of brilliance
 M - 6 potions of haste
 W - a potion of cancellation
 Y - 3 potions of invisibility
Miscellaneous
 N - a lightning rod (1/4)


   Skills:
 + Level 10.3 Fighting
 + Level 12.7 Dodging
 - Level 10.0 Stealth
 * Level 4.4 Shields
 + Level 15.6 Spellcasting
 - Level 5.7 Conjurations
 - Level 4.8 Hexes
 + Level 4.2 Summonings
 - Level 4.0 Translocations
 * Level 16.9 Fire Magic
 + Level 13.8 Air Magic


You had 8 spell levels left.
You knew the following spells:

 Your Spells              Type           Power      Damage    Failure   Level
a - Shock                 Conj/Air       100%       1d9       1%          1
b - Static Discharge      Conj/Air       100%       2-7/arc   1%          2
c - Swiftness             Air            100%       N/A       1%          3
d - Airstrike             Air            50%        2d(8-24)  1%          4
e - Foxfire               Conj/Fire      100%       2x1d9     0%          1
f - Arcjolt               Conj/Air       43%        1d53      1%          5
g - Plasma Beam           Fire/Air       53%        2x1d68    1%          6
h - Mephitic Cloud        Conj/Pois/Air  74%        N/A       1%          3
i - Blink                 Tloc           90%        N/A       1%          2
j - Summon Mana Viper     Hex/Summ       48%        N/A       9%          5
k - Summon Cactus Giant   Summ           23%        N/A       50%         6

Your spell library contained the following spells:

 Spells                   Type           Power      Damage    Failure   Level
 Starburst                Conj/Fire      36%        6d11      1%          6
 Scorch                   Fire           100%       2d9       0%          2
 Apportation              Tloc           90%        N/A       1%          1
 Freeze                   Ice            88%        1d9       1%          1
 Necrotise                Necr           88%        1d8       1%          1
 Summon Small Mammal      Summ           100%       N/A       1%          1
 Cigotuvi's Dreadful Rot  Necr/Pois/Air  100%       N/A       1%          2
 Lesser Beckoning         Tloc           90%        N/A       1%          2
 Momentum Strike          Conj/Tloc      100%       3d10      1%          2
 Gell's Gravitas          Tloc           45%        N/A       1%          3
 Hailstorm                Conj/Ice       39%        3d9       1%          3
 Inner Flame              Hex/Fire       72%        N/A       1%          3
 Teleport Other           Tloc           45%        N/A       1%          3
 Tukima's Dance           Hex            50%        N/A       1%          3
 Vhi's Electric Charge    Tloc/Air       100%       N/A       1%          3
 Flame Wave               Conj/Fire      73%        2d16      1%          4
 Sticky Flame             Conj/Fire      73%        2d9       1%          4
 Passage of Golubria      Tloc           45%        N/A       4%          4
 Vampiric Draining        Necr           22%        2d7       6%          3
 Yara's Violent Unravell  Hex/Tmut       18%        3d9       6%          5
 Summon Ice Beast         Ice/Summ       34%        N/A       9%          4
 Animate Dead             Necr           22%        N/A       21%         4
 Agony                    Necr           22%        N/A       50%         5
 Alistair's Intoxication  Tmut/Pois      14%        N/A       50%         5
 Borgnjor's Vile Clutch   Necr/Erth      11%        N/A       50%         5
 Dispersal                Tloc           22%        N/A       52%         6
 Eringya's Noxious Bog    Tmut/Pois      11%        4d6       58%         6
 Monstrous Menagerie      Summ           23%        N/A       97%         7
 Ozocubu's Refrigeration  Ice            11%        4d9       98%         7
 Haunt                    Necr/Summ      17%        N/A       100%        7
 Infestation              Necr           11%        N/A       100%        8


Dungeon Overview and Level Annotations

Branches:
Dungeon (15/15)            Temple (1/1) D:4            Lair (5/5) D:9
  Swamp (4/4) Lair:3       Spider (0/4) Lair:2        Slime (0/5) Lair:4
    Orc (2/2) D:9             Elf (0/3) Orc:2        Vaults (0/5) D:14
 Depths (0/4) D:15         Bailey (visited)           IceCv (visited)
Volcano (visited)

Altars:
Ashenzari
Cheibriados
Dithmenos
Elyvilon
Fedhas
Gozag
Hepliaklqana
Kikubaaqudgha
Makhleb
Nemelex Xobeh
Okawaru
Qazlal
Ru
Sif Muna
Trog
Uskayaw
Vehumet
Wu Jian
Xom
Yredelemnul
Zin
The Shining One
Jiyva

Shops:
D:15 (   Orc:1 [   Orc:2 ??(=

Portals:
Pandemonium: Orc:2

Annotations:
D:5 2 runed translucent doors
D:8 4 transporters


Message History

You feel a surge of power!
Electricity surges outward!
The eleionoma is struck by an electric surge.
The eleionoma is lightly wounded.
The goliath frog is struck by an electric surge!!
The goliath frog is severely wounded.
The swamp worm fires a harpoon shot at you.
The harpoon shot hits you!
You are yanked forward by the harpoon shot.
Splash!
The goliath frog hits you from afar.
* * * LOW HITPOINT WARNING * * *
You are splashed with acid.
* * * LOW HITPOINT WARNING * * *
The swamp worm misses you.
Casting: Arcjolt (mildly dangerous; 1% risk of failure)
Confirm with . or Enter, or press ? or * to list all spells.
You don't have enough magic to cast this spell.
Unknown command.
Okay, then.
Blink to where?
Press: ? - help, Dir - move target Splash!
As you read the scroll of blinking, it crumbles to dust.
The eleionoma flows through the trees.
The eleionoma misses you.
There is a stone staircase leading up here.
The goliath frog misses you. The eleionoma closely misses you.
You climb upwards.
There is a stone staircase leading down here.
An eleionoma is nearby!
As you read the scroll of teleportation, it crumbles to dust.
You feel strangely unstable.
The eleionoma hits you but does no damage.
The eleionoma hurls a spray of splinters at you.
The spray of wooden splinters hits you.
* * * LOW HITPOINT WARNING * * *
You enter the shallow water.
Moving in this stuff is going to be slow.
The eleionoma hurls a spray of splinters at you.
The spray of wooden splinters hits you!!
You die...

♣.♣~♣♣♣♣~(~~.~~.~~♣♣~~~.~..~§~.♣
.....♣♣♣.~.♣♣...♣♣♣♣.§~†.~♣♣~~.♣
~.§..♣.♣.~.~..§♣♣ ♣♣♣~~..♣♣..♣♣
..♣♣.§~...♣♣.§.♣♣ ♣~§~~♣♣♣~♣
~.♣♣♣♣.~~~.~~~~~♣♣♣♣♣♣♣~~~.~..♣
...♣♣.~~~~...~.♣....♣ ♣~~~...♣♣
..♣♣♣~~♣~.~~...♣~~..♣♣♣♣.~~.♣♣
..~♣♣♣♣♣..~.~~..~~~..♣♣~~~~..♣
~~♣♣♣♣♣♣♣~♣♣~~..@~~~~♣♣♣....♣♣♣♣
§~~♣..~♣♣~~♣.♣~...>R~♣
♣♣~♣♣~..♣♣
<<~....~..~...♣~♣♣♣♣♣♣ ♣♣~~.~~~♣
<<~......~~~..~♣♣♣♣♣♣♣♣♣
♣♣..~~.♣
~~~♣..♣.♣..♣.<♣♣♣......♣ ♣.~~~~♣
..♣♣♣♣♣♣♣♣♣♣.♣♣ ♣.~.~~♣♣ ♣♣...♣♣
..♣♣♣♣♣♣♣.~.~♣ ♣♣...~♣♣ ♣♣♣♣~.♣
...♣♣~~♣♣§~.~♣♣♣~...♣♣ ♣~§~♣♣♣
...♣♣~~.♣♣.~~~♣♣...♣♣ ♣~~.♣


You could see an eleionoma.

Vanquished Creatures
  Bai Suzhen (Swamp:3)
  Rupert (D:13)
  Mlioglotl (Swamp:2)
  Gastronok (D:8)
  An azure jelly (IceCv)
  An orc warlord (Orc:1)
  3 quicksilver oozes (IceCv)
  Nessos (D:13)
  5 eleionomae
  2 bunyips (Swamp:3)
  Azrael (D:12)
  Snorg (D:10)
  10 vault guards
  13 hydras
  3 ghost crabs
  An ogre mage (D:15)
  3 centaur warriors
  2 demonspawn (Orc:2)
  7 two-headed ogres
  3 alligators
  4 boulder beetles
  A tengu warrior (D:15)
  3 death yaks (Lair:5)
  5 orc high priests (Orc:2)
  Urug (D:13)
  Nergalle (Lair:3)
  3 goliath frogs
  A skyshark (Lair:2)
  A sun demon (Orc:2)
  Amaemon (D:11)
  A sixfirhy (Orc:2)
  4 spriggan druids
  3 swamp dragons
  A lindwurm (Lair:3)
  3 bog bodies
  6 deep elf pyromancers
  5 orc knights
  6 manticores
  A salamander (D:15)
  3 will-o-the-wisps
  A faun (shapeshifter) (D:15)
  11 ugly things
  12 orc sorcerers
  3 cyclopes
  An elephant (D:9)
  2 black mambas
  A rust devil (Orc:2)
  A gargoyle (D:10)
  2 ice statues (IceCv)
  A kobold demonologist (D:10)
  2 orange demons
  15 cane toads
  Maggie (D:10)
  7 rime drakes
  An efreet (D:13)
  12 komodo dragons
  A tengu conjurer (D:15)
  6 trolls
  5 tyrant leeches
  5 bloated husks
  A hornet (D:9)
  Grinder (D:3)
  Prince Ribbit (Bailey)
  13 polar bears
  4 raiju (Lair:5)
  A dream sheep (Lair:5)
  35 slime creatures
  A shadow (D:10)
  2 centaur simulacra
  A water elemental (D:14)
  A vampire (D:10)
  8 wyverns
  43 yaks
  4 wraiths
  2 steam dragons
  4 fire elementals (D:12)
  5 basilisks
  2 redbacks (Lair:2)
  13 vampire mosquitoes
  The ghost of bahustanut the Insei, an amateur OpSh (D:3)
  11 swamp worms
  3 acid dragons
  8 wargs
  20 water moccasins
  15 hell hounds
  16 black bears
  A swamp drake (Swamp:1)
  2 ice beasts
  35 orc warriors
  3 great orb of eyes simulacra (IceCv)
  8 ogres
  17 centaurs
  31 wolves
  The ghost of LeprechaunX the Insei, an amateur OpSh (D:3)
  4 phantoms (D:5)
  5 slime creature simulacra (IceCv)
  4 kobold brigands
  24 bullfrogs
  5 scorpions
  4 glowing shapeshifter simulacra (IceCv)
  A wight (D:10)
  12 killer bees
  An electric eel (Lair:1)
  3 howler monkeys
  7 crimson imps (D:10)
  3 hounds (D:5)
  Crazy Yiuf (D:7)
  29 orc priests
  2 jellies
  3 iguanas
  18 orc wizards
  Natasha (thrice) (D:2)
  3 sleepcaps
  6 hell rats (Lair:5)
  A shapeshifter simulacrum (IceCv)
  10 adders
  9 gnolls
  A shadow imp (D:7)
  6 white imps
  An ufetubus (D:4)
  3 worms
  65 orcs
  2 ball pythons
  6 endoplasms
  2 giant cockroaches
  7 goblins
  6 hobgoblins
  2 jackals (D:4)
  3 quokkas
  5 bats
  3 frilled lizards
  16 kobolds
  4 rats
809 creatures vanquished.

Vanquished Creatures (others)
  21 foxfires
21 creatures vanquished.

Grand Total: 830 creatures vanquished

Notes
Turn   | Place    | Note
-------+----------+-------------------------------------------
     0 | D:1      | LustLizard the Deep Elf Air Elementalist began the quest
                  | for the Orb.
     0 | D:1      | Reached XP level 1. HP: 10/10 MP: 6/6
   541 | D:2      | Reached XP level 2. HP: 11/16 MP: 1/8
   552 | D:2      | Learned a level 2 spell: Static Discharge
   688 | D:2      | Reached XP level 3. HP: 16/20 MP: 2/9
   811 | D:2      | Noticed Natasha
   817 | D:2      | Killed Natasha
   976 | D:2      | Reached skill level 1 in Fighting
  1151 | D:2      | Learned a level 3 spell: Swiftness
  1610 | D:2      | Reached XP level 4. HP: 22/25 MP: 4/11
  1728 | D:2      | Got the Encyclopedia of Searing Toxicity
  1921 | D:2      | Noticed Natasha
  1925 | D:2      | Killed Natasha
  2005 | D:2      | Noticed Natasha
  2012 | D:2      | Killed Natasha
  2113 | D:3      | Found a runed translucent gate.
  2114 | D:3      | Found a runed translucent gate.
  2114 | D:3      | Found a runed translucent gate.
  2115 | D:3      | Noticed bahustanut's ghost (amateur OpSh)
  2116 | D:3      | Noticed LeprechaunX's ghost (amateur OpSh)
  2126 | D:3      | Identified the +0 leather armour of Impermeability {Drain
                  | Int+3 Slay+2}
  2168 | D:3      | Noticed Grinder
  2382 | D:3      | Reached XP level 5. HP: 23/29 MP: 2/12
  2577 | D:3      | Found a large runed translucent door.
  2578 | D:3      | Found a large runed translucent door.
  2728 | D:3      | Learned a level 4 spell: Airstrike
  3003 | D:3      | Found a white marble altar of Elyvilon.
  3006 | D:3      | Found an ornate altar of the Wu Jian Council.
  3162 | D:4      | Found a sparkling altar of Nemelex Xobeh.
  3559 | D:4      | Found a staircase to the Ecumenical Temple.
  3570 | Temple   | Entered the Ecumenical Temple
  3579 | Temple   | Became a worshipper of Vehumet
  3616 | D:4      | Noticed an ogre
  3783 | D:4      | Killed an ogre
  3784 | D:4      | Reached XP level 6. HP: 35/35 MP: 4/14
  4320 | D:5      | Entered Level 5 of the Dungeon
  4325 | D:5      | Reached skill level 5 in Air Magic
  4436 | D:5      | Reached skill level 5 in Spellcasting
  4520 | D:5      | Reached XP level 7. HP: 40/40 MP: 12/16
  4600 | D:5      | Found a blossoming altar of Fedhas.
  5067 | D:5      | Found a large runed translucent door.
  5068 | D:5      | Found a large runed translucent door.
  5068 | D:5      | Noticed a yak
  5074 | D:5      | Found a large runed translucent door.
  5074 | D:5      | Found a large runed translucent door.
  5093 | D:5      | Reached XP level 8. HP: 29/46 MP: 2/18
  5636 | D:5      | Reached * piety under Vehumet
  5636 | D:5      | Offered knowledge of Foxfire by Vehumet.
  5661 | D:5      | Learned a level 1 spell: Foxfire
  5667 | D:5      | Learned a level 5 spell: Arcjolt
  5748 | D:5      | Reached skill level 1 in Fire Magic
  5883 | D:5      | Identified the +1 cloak of Undesirable Species {rElec Will+
                  | Int+2}
  6085 | D:3      | Killed Grinder
  6512 | D:3      | Killed bahustanut's ghost
  6513 | D:3      | Reached skill level 2 in Fire Magic
  6723 | D:3      | Killed LeprechaunX's ghost
  7091 | D:5      | Identified the +1 leather armour of Minor Irritation {*Slow
                  | rN++}
  7191 | D:6      | Reached skill level 3 in Fire Magic
  7191 | D:6      | Reached XP level 9. HP: 52/52 MP: 8/22
  7786 | D:6      | Found a glowing silver altar of Zin.
  8248 | D:7      | Found a glowing golden altar of the Shining One.
  8261 | D:7      | Found a flagged portal.
  8292 | D:7      | Reached skill level 4 in Fire Magic
  8463 | Bailey   | Entered a bailey
  8702 | Bailey   | Reached ** piety under Vehumet
  8708 | Bailey   | Offered knowledge of Sandblast by Vehumet.
  8709 | Bailey   | Reached skill level 5 in Fire Magic
  8857 | Bailey   | Noticed Prince Ribbit
  8859 | Bailey   | Killed Prince Ribbit
  8860 | Bailey   | Reached skill level 5 in Conjurations
  8861 | Bailey   | Noticed a vault guard
  8881 | Bailey   | Killed a vault guard
  8882 | Bailey   | Reached XP level 10. HP: 58/58 MP: 1/24
  9046 | Bailey   | Noticed a vault guard
  9059 | Bailey   | Killed a vault guard
  9060 | Bailey   | Reached skill level 5 in Fighting
  9060 | Bailey   | Reached skill level 6 in Fire Magic
  9236 | D:7      | Found a bloodstained altar of Trog.
  9422 | D:7      | Found a broken altar of Ashenzari.
  9621 | D:7      | Found a runed translucent door.
  9622 | D:7      | Noticed Crazy Yiuf
  9936 | D:7      | Killed Crazy Yiuf
 10165 | D:7      | Learned a level 6 spell: Plasma Beam
 10200 | D:8      | Noticed Gastronok
 10319 | D:8      | Found a hide-covered altar of Uskayaw.
 10572 | D:8      | Found a transporter.
 10595 | D:8      | Found a transporter.
 10635 | D:8      | Found a basalt altar of Yredelemnul.
 10843 | D:8      | Found a transporter.
 10863 | D:8      | Found a transporter.
 11139 | D:9      | Noticed a two-headed ogre
 11143 | D:9      | Killed a two-headed ogre
 11144 | D:9      | Reached skill level 7 in Fire Magic
 11320 | D:9      | Found a staircase to the Orcish Mines.
 11424 | D:9      | Found an ancient bone altar of Kikubaaqudgha.
 11449 | D:9      | Reached skill level 5 in Stealth
 11603 | D:9      | Reached skill level 10 in Air Magic
 11931 | D:9      | Found a staircase to the Lair.
 11931 | D:9      | Noticed an elephant
 12025 | D:10     | Entered Level 10 of the Dungeon
 12031 | D:9      | Reached XP level 11. HP: 64/64 MP: 14/26
 12104 | D:8      | Killed Gastronok
 12105 | D:8      | Reached skill level 8 in Fire Magic
 12500 | D:9      | Offered knowledge of Inner Flame by Vehumet.
 12866 | D:10     | Reached *** piety under Vehumet
 12867 | D:10     | Reached skill level 10 in Spellcasting
 12868 | D:10     | Reached skill level 5 in Dodging
 13082 | D:10     | Offered knowledge of Mephitic Cloud by Vehumet.
 13087 | D:10     | Learned a level 3 spell: Mephitic Cloud
 13256 | D:10     | Noticed Maggie
 13258 | D:10     | Killed Maggie
 13313 | D:10     | Noticed Snorg
 13323 | D:10     | Killed Snorg
 13324 | D:10     | Reached skill level 9 in Fire Magic
 14516 | D:10     | Noticed a soul eater
 14769 | D:10     | Reached **** piety under Vehumet
 15420 | D:11     | Reached XP level 12. HP: 71/71 MP: 14/28
 15551 | D:11     | Noticed Amaemon
 15552 | D:11     | Killed Amaemon
 15684 | D:11     | Reached skill level 10 in Fire Magic
 15996 | D:12     | Offered knowledge of Volatile Blastmotes by Vehumet.
 17076 | D:12     | Noticed Azrael
 17081 | D:12     | Killed Azrael
 17618 | Lair:1   | Entered Level 1 of the Lair of Beasts
 17773 | Lair:1   | Found a dark tunnel.
 17800 | Volcano  | Entered a volcano
 17921 | Volcano  | Reached skill level 11 in Fire Magic
 19241 | Lair:2   | Noticed a boulder beetle
 19245 | Lair:2   | Killed a boulder beetle
 19505 | Lair:2   | Learned a level 2 spell: Blink
 19746 | Lair:2   | Reached XP level 13. HP: 76/76 MP: 30/30
 19802 | Lair:2   | Found a hole to the Spider Nest.
 20020 | Lair:2   | Reached ***** piety under Vehumet
 20213 | Lair:3   | Reached skill level 1 in Translocations
 20328 | Lair:3   | Offered knowledge of Orb of Destruction by Vehumet.
 20753 | Lair:3   | Reached skill level 12 in Fire Magic
 20934 | Lair:3   | Noticed Nergalle
 20937 | Lair:3   | Killed Nergalle
 21578 | Lair:3   | Found a staircase to the Swamp.
 22088 | Lair:4   | Found a glowing golden altar of the Shining One.
 22631 | Lair:4   | Reached skill level 10 in Stealth
 22685 | Lair:4   | Found a viscous altar of Jiyva.
 22686 | Lair:4   | Found a staircase to the Slime Pits.
 23224 | Lair:5   | Entered Level 5 of the Lair of Beasts
 23710 | Lair:5   | Offered knowledge of Leda's Unmaking by Vehumet.
 23940 | Lair:5   | Reached skill level 13 in Fire Magic
 23998 | Lair:5   | Reached XP level 14. HP: 84/84 MP: 18/32
 25390 | Lair:5   | Reached skill level 10 in Dodging
 26176 | Lair:5   | Offered knowledge of Irradiate by Vehumet.
 26853 | Orc:1    | Entered Level 1 of the Orcish Mines
 26958 | Orc:1    | Found a frozen archway.
 26963 | Orc:1    | Reached skill level 14 in Fire Magic
 27015 | Orc:1    | Noticed an orc warlord
 27023 | IceCv    | Entered an ice cave
 27164 | IceCv    | Noticed a quicksilver ooze
 27248 | IceCv    | Killed a quicksilver ooze
 27256 | IceCv    | Noticed a quicksilver ooze
 27257 | IceCv    | Killed a quicksilver ooze
 27650 | IceCv    | Got the Cyclopedia of Refrigeration
 27711 | IceCv    | Noticed a quicksilver ooze
 27712 | IceCv    | Killed a quicksilver ooze
 27791 | IceCv    | Noticed an azure jelly
 27793 | IceCv    | Killed an azure jelly
 28284 | IceCv    | Found a viscous altar of Jiyva.
 28397 | Orc:1    | Killed an orc warlord
 29019 | Orc:1    | Found Naas Ozi's Antique Armour Boutique.
 29403 | Orc:2    | Entered Level 2 of the Orcish Mines
 29770 | Orc:2    | Found a staircase to the Elven Halls.
 29814 | Orc:2    | Reached XP level 15. HP: 90/90 MP: 18/35
 30494 | Orc:2    | Found Hage Hass's Magic Scroll Boutique.
 30499 | Orc:2    | Found Ompoi's Magic Scroll Shop.
 30798 | Orc:2    | Bought a scroll of teleportation for 48 gold pieces
 30798 | Orc:2    | Bought a scroll of summoning for 152 gold pieces
 30800 | Orc:2    | Bought a scroll of teleportation for 48 gold pieces
 30800 | Orc:2    | Bought a scroll of teleportation for 48 gold pieces
 31122 | Orc:2    | Reached skill level 15 in Fire Magic
 31143 | Orc:2    | Reached ****** piety under Vehumet
 31837 | Orc:2    | Found Jodiaj's Antique Weapon Emporium.
 31837 | Orc:2    | Found Gemipomi's Jewellery Shoppe.
 31838 | Orc:2    | Found a one-way gate leading to the halls of Pandemonium.
 32543 | D:13     | Noticed Rupert
 32545 | D:13     | Killed Rupert
 33000 | D:13     | Noticed Urug
 33005 | D:13     | Killed Urug
 33265 | D:13     | Noticed Nessos
 33267 | D:13     | Killed Nessos
 33268 | D:13     | Offered knowledge of Starburst by Vehumet.
 33359 | D:13     | Learned a level 5 spell: Summon Mana Viper
 33670 | Orc:2    | Bought a scroll of identify for 32 gold pieces
 33670 | Orc:2    | Bought a scroll of identify for 32 gold pieces
 33670 | Orc:2    | Bought a scroll of identify for 32 gold pieces
 33670 | Orc:2    | Bought a scroll of identify for 32 gold pieces
 33675 | Orc:2    | Identified 2 scrolls of acquirement
 33676 | Orc:2    | Acquired a ring of poison resistance
 33678 | Orc:2    | Acquired 863 gold pieces
 33680 | Orc:2    | Bought a scroll of identify for 32 gold pieces
 33683 | Orc:2    | Bought a scroll of identify for 32 gold pieces
 33683 | Orc:2    | Bought a scroll of identify for 32 gold pieces
 33683 | Orc:2    | Bought a scroll of identify for 32 gold pieces
 33968 | D:14     | Reached skill level 1 in Hexes
 34350 | D:14     | Reached skill level 1 in Summonings
 34466 | D:14     | Reached skill level 1 in Shields
 34654 | D:14     | Reached skill level 16 in Fire Magic
 34718 | D:14     | Reached skill level 15 in Spellcasting
 34867 | D:14     | Found a gate to the Vaults.
 35675 | D:15     | Entered Level 15 of the Dungeon
 35719 | D:15     | Reached skill level 10 in Fighting
 35719 | D:15     | Reached XP level 16. HP: 97/97 MP: 21/37
 35883 | D:15     | Found Taydokk's Weapon Emporium.
 36927 | D:15     | Found a staircase to the Depths.
 37271 | Orc:2    | Bought the amulet of Cudaicy {Spirit rPois Dex-4 SInv} for
                  | 592 gold pieces
 37478 | Swamp:1  | Entered Level 1 of the Swamp
 38435 | Swamp:1  | You fall into a shaft and drop 1 floor!
 39323 | Swamp:2  | Noticed Mlioglotl
 39327 | Swamp:2  | Killed Mlioglotl
 40934 | Swamp:3  | Noticed Bai Suzhen
 40936 | Swamp:3  | Learned a level 6 spell: Summon Cactus Giant
 41251 | Swamp:3  | Killed Bai Suzhen
 41504 | Swamp:4  | Entered Level 4 of the Swamp
 41524 | Swamp:3  | Killed from afar by an eleionoma

Illustrated notes

Levels and vault maps discovered:
D:1:      eino_arrival_water_cross, layout_rooms, minmay_splitting_lines
D:2:      minmay_diamond_boxcup, layout_basic, chequers_serial_rivers_room_b,
          st_stairs_12, minmay_pentomino_q4, uniq_natasha
D:3:      layout_basic, jmf_multi_god_temple2, gammafunk_ghost_cemetery,
          minivault_14, minmay_misc_feat_encased, moated_statue,
          hangedman_decor_points, serial_bayou_pond_a, uniq_grinder
D:4:      layout_loops_ring, nemelex_xobeh_ov_fountains_minmay, temple_pool_b
D:5:      layout_rooms, fedhas_ov_isle_minmay, minmay_hollow_rounded_squares
D:6:      layout_loops_cross, mainiacjoe_overflow_brackets, st_stairs_3
D:7:      layout_gridville, mainiacjoe_overflow_24_doors, kennysheep_mini_moat,
          nicolae_ashenzari_skybound, enter_bailey_2, uniq_crazy_yiuf_cottage
D:8:      layout_cave_pools, eat_drink_and_be_merry_uskayaw,
          mainiacjoe_overflow_catwalk, nicolae_diode_intersection,
          uniq_gastronok
D:9:      layout_small_grid, nicolae_overflow_hidden_temple, david_lair_generic,
          orc_0_dummy
D:10:     minmay_bubble_buster, layout_layer_cave, minmay_nine_imps, uniq_snorg,
          uniq_maggie
D:11:     layout_loops_ring, uniq_amaemon
D:12:     layout_stronghold, uniq_azrael
D:13:     layout_roguey, hex_medium, uniq_rupert, uniq_nessos, uniq_urug
D:14:     layout_loops_corners, erik_vaults_2, serial_glass, glass_columns_a,
          glass_columns_a, minmay_crystal_water
D:15:     hangedman_depths_entry_try_elsewhere_first, layout_gridville,
          serial_shops, nicolae_shop_rolling_square
Temple:   nicolae_temple_ecumenical_triangle
Lair:1:   layout_roguey, nicolae_volcano_entry_lava_flow,
          infiniplex_staircase_pool_2, serial_bayou_shore_a, grunt_megastairs_2
Lair:2:   layout_loops_ring, spider_nest_entry_webs
Lair:3:   layout_roguey, minmay_swamp_entry_swarm, lemuel_fruit_tree,
          uniq_nergalle
Lair:4:   layout_regular_city, minmay_slime_entry_pillars, basic_altar,
          serial_bayou_shore_b, infiniplex_staircase_pool, lemuel_fruit_fields
Lair:5:   hangedman_lair_caniforms_friends, layout_regular_city,
          grunt_megastairs_1
Swamp:1:  layout_basic_swamp, evilmike_swamp_ruin_house_4
Swamp:2:  layout_basic_swamp, hangedman_swamp_ruin_wall, swamp_pool1,
          nicolae_swamp_dense_foliage, uniq_mlioglotl
Swamp:3:  nicolae_swamp_husk_halls, layout_basic_swamp,
          evilmike_swamp_ruin_house_5, uniq_bai_suzhen
Swamp:4:  swamp, layout_basic_swamp
Orc:1:    nicolae_orc_accident_2, layout_diamond_mine, portal_ice_cave_rime,
          serial_shops, shop, special_room [special_room_orc]
Orc:2:    pf_orc_diabolical, layout_diamond_mine

Skill      XL: |  1  2  3  4  5  6  7  8  9 10 11 12 13 14 15 16 |
---------------+-------------------------------------------------+-----
Stealth        | 3 4 5 7 9 10 | 10.0
Fighting       | 1 2 3 4 5 6 7 8 9 10 | 10.3
Conjurations   | 2 3 4 5 |  5.7
Air Magic      | 4 5 6 7 9 10 11 12 13 | 13.8
Spellcasting   | 4 5 7 8 9 10 11 12 14 15 | 15.6
Fire Magic     | 3 5 7 9 11 13 14 16 | 16.9
Dodging        | 4 6 8 9 11 12 | 12.7
Translocations | 4 |  4.0
Hexes          | 2 4 |  4.8
Summonings     | 2 4 |  4.2
Shields        | 2 4 |  4.4

Action                     |  1- 3 |  4- 6 |  7- 9 | 10-12 | 13-15 | 16-18 || total
---------------------------+-------+-------+-------+-------+-------+-------++-------
  Melee: Unarmed           |     2 |       |       |       |       |       ||     2
         Short sword       |     4 |     5 |    23 |     3 |       |       ||    35
         Punch             |       |       |     2 |       |     2 |       ||     4
         Staff             |       |       |       |    26 |    65 |       ||    91
   Cast: Shock             |    44 |    96 |    83 |    48 |    99 |       ||   370
         Static Discharge  |     7 |    16 |    17 |     2 |       |       ||    42
         Swiftness         |       |     1 |     1 |       |       |       ||     2
         Airstrike         |       |     3 |    68 |   214 |   323 |   115 ||   723
         Arcjolt           |       |       |     1 |    13 |    17 |     1 ||    32
         Plasma Beam       |       |       |       |    37 |   258 |    66 ||   361
         Foxfire           |       |       |       |     3 |       |       ||     3
  Evoke: Wand              |       |       |       |     2 |     1 |     5 ||     8
         Lightning rod     |       |       |       |       |     4 |     5 ||     9
    Use: Scroll            |     1 |       |     6 |    18 |    16 |     7 ||    48
         Potion            |       |       |       |     2 |       |     5 ||     7
 Armour: Robe              |     2 |    11 |    11 |       |       |       ||    24
         Steam dragon scal |       |       |    11 |    27 |    57 |    20 ||   115
  Dodge: Dodged            |    12 |    16 |    37 |    57 |   125 |    31 ||   278

Table legend: (Time is in decaauts)
 A = Elapsed time spent in this place.
 B = Non-inter-level travel time spent in this place.
 C = Inter-level travel time spent in this place.
 D = Time resting spent in this place.
 E = Time spent auto-exploring this place.
 F = Levels seen in this place.
 G = Mean time per level.
                   A        B        C        D        E       F      G
               +--------+--------+--------+--------+--------+-----+--------+
         Total |  41778 |  39216 |   2562 |   5200 |  29155 |  30 | 1392.6 |
       Dungeon |  22167 |  20405 |   1762 |   2415 |  15692 |  15 | 1477.8 |
        Temple |     18 |     18 |      0 |      0 |      0 |   1 |   18.0 |
          Lair |   9210 |   8886 |    324 |    857 |   7004 |   5 | 1842.0 |
         Swamp |   4216 |   4045 |    171 |    462 |   3109 |   4 | 1054.0 |
  Orcish Mines |   3935 |   3631 |    304 |    525 |   2513 |   2 | 1967.5 |
        Bailey |    726 |    726 |      0 |    284 |    304 |   1 |  726.0 |
      Ice Cave |   1370 |   1370 |      0 |    657 |    420 |   1 | 1370.0 |
       Volcano |    133 |    133 |      0 |      0 |    112 |   1 |  133.0 |
               +--------+--------+--------+--------+--------+-----+--------+

Top non-repeatable levels by time:
  Lair:5: 3236 daAuts
   Orc:2: 2381 daAuts
    D:10: 2272 daAuts
     D:9: 1962 daAuts
     D:5: 1909 daAuts
    D:12: 1818 daAuts
    D:14: 1795 daAuts
  Lair:3: 1730 daAuts
     D:3: 1728 daAuts
 Swamp:2: 1696 daAuts
     D:2: 1675 daAuts
  Lair:4: 1645 daAuts
   Orc:1: 1553 daAuts
  Lair:1: 1515 daAuts
    D:15: 1407 daAuts
